 Dungeon Crawl Stone Soup version 0.20.0-4-g10b340a (webtiles) character file.

86 Minion the Scratcher (level 4, 0/21 HPs)
             Began as a Felid Wanderer on May 28, 2017.
             Was an Initiate of Makhleb.
             Slain by an iguana (8 damage)
             ... on level 4 of the Dungeon.
             The game lasted 00:07:38 (3220 turns).

Minion the Scratcher (Felid Wanderer)               Turns: 3220, Time: 00:07:38

Health: 0/21       AC:  1    Str:  9    XL:     4   Next: 27%
Magic:  14/14      EV: 19    Int: 12    God:    Makhleb [......]
Gold:   106        SH:  0    Dex: 16    Spells: 3/3 levels left
                                        Lives:  0   Deaths: 1

rFire    . . .     SeeInvis +     - Unarmed
rCold    . . .     Gourm    .   (shield unavailable)
rNeg     . . .     Faith    .   (armour unavailable)
rPois    .         Spirit   .   (helmet unavailable)
rElec    .         Reflect  .   (cloak unavailable)
rCorr    +         Harm     .   (gloves unavailable)
MR       .....                  (boots unavailable)
Stlth    +++.......             (no amulet)
Regen    0.1/turn               q - ring of magical power
MPRegen  0.2/turn               w - ring of resist corrosion

@: quick
A: no armour, no weapons or thrown items, stealth, claws 1, fangs 3, see
invisible, carnivore 3, speed 1, shaggy fur 1, slow metabolism 1, sharp paws
a: Renounce Religion


You were on level 4 of the Dungeon.
You worshipped Makhleb.
Makhleb was noncommittal.
You were full.

You visited 2 branches of the dungeon, and saw 5 of its levels.

You collected 106 gold pieces.

Inventory:

Jewellery
 q - a ring of magical power (left paw)
 u - an uncursed ring of flight
 w - a ring of resist corrosion (right paw)
Scrolls
 a - a scroll of fear
 d - 4 scrolls of remove curse {unknown}
 f - a scroll of fog {unknown}
 g - 2 scrolls of noise {unknown}
 h - a scroll of enchant armour {unknown}
 i - a scroll of magic mapping {unknown}
 l - a scroll of blinking {unknown}
 n - 3 scrolls of identify {unknown}
 t - a scroll of teleportation {unknown}
 v - a scroll of immolation {unknown}
Potions
 b - 6 potions of curing
 e - 2 potions of heal wounds {unknown}
 j - a potion of agility
 o - a potion of cancellation {unknown}
 r - a potion of invisibility {unknown}
 s - 2 potions of mutation {unknown}
Books
 p - a book of Minor Magic

   Spells                             Type                      Level
   a - Magic Dart                     Conjuration                  1
   b - Blink                          Translocation                2
   c - Call Imp                       Summoning                    2
   d - Slow                           Hexes                        2
   e - Conjure Flame                  Conjuration/Fire             3
   f - Mephitic Cloud                 Conjuration/Poison/Air       3
Comestibles
 c - a meat ration
 k - 3 royal jellies


   Skills:
 + Level 3.1 Fighting
 + Level 3.4 Dodging
 + Level 4.2 Stealth
 + Level 5.5 Unarmed Combat
 - Level 1.1 Evocations


You had 3 spell levels left.
You didn't know any spells.

Dungeon Overview and Level Annotations

Branches:
Dungeon (4/15)             Temple (1/1) D:4

Altars:
Cheibriados
Dithmenos
Elyvilon
Hepliaklqana
Makhleb
Nemelex Xobeh
Okawaru
Ru
Sif Muna
Trog
Uskayaw
Vehumet
Zin
The Shining One

Annotations:
D:2 1 runed door, Sigmund
D:3 Deathclocker's ghost, weakling MfGl
D:4 Natasha


Innate Abilities, Weirdness & Mutations

You cannot wear armour.
You are incapable of wielding weapons or throwing items.
Your paws allow you to move quietly. (Stealth)
You have sharp claws.
You have razor-sharp teeth.
You have supernaturally acute eyesight. (SInv)
You are carnivorous and can eat meat at any time.
You cover ground quickly.
You are covered in fur. (AC +1)
You have a slow metabolism.
Your sharp claws are effective at attacking unaware monsters.


Message History

You claw the iguana!
The iguana is heavily wounded.
You closely miss the iguana.
The iguana is heavily wounded.
The iguana closely misses you.
You scratch the iguana but do no damage.
The iguana is heavily wounded.
The iguana misses you.
You scratch the iguana.
The iguana is almost dead.
The iguana bites you!
Ouch! That really hurt!
You are too injured to fight recklessly!
You scratch the iguana but do no damage.
The iguana is almost dead.
The iguana closely misses you.
You completely miss the iguana.
The iguana is almost dead.
The iguana bites you!
You die...

#.##.####......#
.....# ######.#
#.##.# #.# #. #.#
#.# #.# #.# #.# #.#
##### #.# #@.%## #.#
#.l###.####.########
#.. #..........#≈≈≈
.... #.##########≈..
###.#....# #≈.#
#.#.##.# #§#. ...
... #≈.# ... ...
#§§. ## ##... #§§≈


You could see an iguana.

Vanquished Creatures
  An orc wizard (D:4)
  Natasha (twice) (D:4)
  A worker ant (D:4)
  A worm (D:3)
  2 dart slugs
  A leopard gecko (D:1)
  6 bats
  4 giant cockroaches
  3 goblins
  6 hobgoblins
  6 kobolds
  6 frilled lizards
  A leopard gecko skeleton (D:4)
  10 rats
50 creatures vanquished.

Notes
Turn   | Place    | Note
-------+----------+-------------------------------------------
     0 | D:1      | Minion the Felid Wanderer began the quest for the Orb.
     0 | D:1      | Minion set off with: a scroll of fear, 2 potions of curing, a meat ration
     0 | D:1      | Reached XP level 1. HP: 9/9 MP: 2/2
   324 | D:1      | Reached skill level 1 in Dodging
   341 | D:1      | Reached XP level 2. HP: 13/13 MP: 3/3
  1255 | D:2      | Noticed Sigmund
  1549 | D:2      | Found a runed door.
  1726 | D:2      | Reached XP level 3. HP: 16/16 MP: 4/4
  2103 | D:3      | Noticed Deathclocker's ghost (weakling MfGl)
  2677 | D:4      | Noticed Natasha
  2679 | D:4      | Killed Natasha
  2679 | D:4      | Reached XP level 4. HP: 20/20 MP: 5/5
  2734 | D:4      | Noticed Natasha
  2745 | D:4      | Killed Natasha
  2788 | D:4      | Noticed Natasha
  2794 | D:4      | HP: 1/21 [Natasha (5)]
  2801 | D:4      | Killed from afar by a white imp
  2802 | D:4      | Reached XP level 3. HP: -7/17 MP: 13/13
  2883 | D:4      | Found a staircase to the Ecumenical Temple.
  2900 | Temple   | Entered the Ecumenical Temple
  2933 | Temple   | Became a worshipper of Makhleb the Destroyer
  2979 | D:4      | Reached XP level 4. HP: 15/21 MP: 5/5
  3220 | D:4      | Slain by an iguana

Skill      XL: |  1  2  3  4 |
---------------+-------------+-----
Stealth        | 3 4 |  4.2
Dodging        | 1 2 3 |  3.4
Fighting       | 3 |  3.1
Unarmed Combat | |  5.5
Evocations     | |  1.1

Action                   |  1- 3 |  4- 6 || total
-------------------------+-------+-------++-------
Melee: Unarmed           |   120 |    27 ||   147
       Punch             |     1 |       ||     1
       Bite              |     3 |     3 ||     6
 Stab: Sleeping          |    14 |     1 ||    15
       Distracted        |     4 |       ||     4
  Eat: Chunk             |    12 |     1 ||    13
Armor: Skin              |    10 |     1 ||    11
Dodge: Dodged            |    74 |    15 ||    89
